 Dungeon Crawl Stone Soup version 0.20.1-1-g8b1a95d (webtiles) character file.

222 vomix the Chopper (level 5, -2/45 HPs)
             Began as a Minotaur Berserker on Aug 10, 2017.
             Was a Believer of Trog.
             Succumbed to an orc wizard's poison
             ... on level 3 of the Dungeon.
             The game lasted 00:03:06 (1657 turns).

vomix the Chopper (Minotaur Berserker)              Turns: 1657, Time: 00:03:06

Health: -2/45      AC: 11    Str: 21    XL:     5   Next: 66%
Magic:  4/4        EV:  6    Int:  9    God:    Trog [**....]
Gold:   97         SH:  0    Dex: 11    Spells: 4/4 levels left

rFire    . . .     SeeInvis .   a - +0 hand axe
rCold    . . .     Gourm    .   (no shield)
rNeg     . . .     Faith    .   n - +0 plate armour
rPois    .         Spirit   .   (helmet restricted)
rElec    .         Reflect  .   (no cloak)
rCorr    .         Harm     .   (no gloves)
MR       .....                  (no boots)
Stlth    ..........             (no amulet)
Regen    0.2/turn               d - ring of stealth
MPRegen  0.1/turn               (no ring)

@: brilliant, lethally poisoned (-2 -> -29), berserk cooldown, slowed, very slow
A: retaliatory headbutt, horns 2
a: Berserk, Trog's Hand, Burn Spellbooks, Renounce Religion


You were on level 3 of the Dungeon.
You worshipped Trog.
Trog was pleased with you.
You were not hungry.

You visited 1 branch of the dungeon, and saw 3 of its levels.

You collected 97 gold pieces.

Inventory:

Hand Weapons
 a - a +0 hand axe (weapon)
Armour
 n - a +0 plate armour (worn)
Jewellery
 d - a ring of stealth (left hand)
 o - an uncursed ring of poison resistance {unknown}
Scrolls
 e - 2 scrolls of enchant weapon {unknown}
 h - 2 scrolls of identify {unknown}
 k - a scroll of remove curse {unknown}
 m - a scroll of enchant armour {unknown}
Potions
 f - a potion of lignification {unknown}
 i - a potion of brilliance
 l - a potion of haste {unknown}
Comestibles
 c - a bread ration
 g - 8 fruits
 j - a chunk of flesh


   Skills:
 - Level 3.6 Fighting
 + Level 7.8 Axes
 - Level 2.4 Armour
 - Level 2.1 Dodging


You had 4 spell levels left.
You didn't know any spells.

Dungeon Overview and Level Annotations

Branches:
Dungeon (3/15)

Altars:


Innate Abilities, Weirdness & Mutations

You reflexively headbutt those who attack you in melee.
You have a pair of horns on your head.


Message History

You hit the orc wizard.
The orc wizard is lightly wounded.
You hit the quokka.
* * * LOW HITPOINT WARNING * * *
You feel sick. The quokka barely misses you.
The orc wizard hits you but does no damage.
You are more poisoned.
The quokka bites you.
* * * LOW HITPOINT WARNING * * *
It was a potion of brilliance.
You feel clever all of a sudden.
* * * LOW HITPOINT WARNING * * *
You feel very sick. The orc wizard barely misses you.
The quokka completely misses you.
The orc wizard hits you but does no damage.
You are more poisoned.
The quokka bites you but does no damage.
It was a potion of berserk rage.
You're still recovering from your berserk rage.
You die...

######.#.#.##...#
#......#
#.#.#......#
#...####
#...#.###..#
#...##### ##.!#<#
..# #....)...
#..#.# .#
#..###### #..#.#
..# #..#
#.(#.###..# #..#
###)#......###..#
#..)o@......##..#
#..[.r..........#
#..........♣....#
#.........♣.♣...#
#........♣._.♣..#
#.........♣.♣.
#..........♣..
#.............
#...........#


You could see an orc wizard and a quokka.

Vanquished Creatures
  An orc priest (D:3)
  2 orc wizards (D:3)
  8 adders
  An ooze (D:3)
  5 worms
  A dart slug (D:1)
  5 orcs (D:3)
  3 giant cockroaches
  5 goblins
  6 hobgoblins
  2 quokkas
  5 bats
  3 kobolds
  4 rats
51 creatures vanquished.

Notes
Turn   | Place    | Note
-------+----------+-------------------------------------------
     0 | D:1      | vomix the Minotaur Berserker began the quest for the Orb.
     0 | D:1      | Reached XP level 1. HP: 19/19 MP: 0/0
    54 | D:1      | Reached skill level 4 in Axes
   299 | D:1      | Reached XP level 2. HP: 26/26 MP: 1/1
   480 | D:1      | You fall through a shaft!
   560 | D:2      | Reached skill level 5 in Axes
   561 | D:2      | Reached XP level 3. HP: 27/31 MP: 2/2
   815 | D:2      | Reached XP level 4. HP: 35/39 MP: 3/3
   858 | D:2      | Reached skill level 6 in Axes
  1032 | D:2      | Reached ** piety under Trog
  1139 | D:3      | Reached XP level 5. HP: 35/45 MP: 4/4
  1162 | D:3      | Reached skill level 7 in Axes
  1640 | D:3      | Found a faded altar of an unknown god.
  1656 | D:3      | HP: 1/45 [poisoned by an orc wizard]
  1657 | D:3      | Succumbed to an orc wizard's poison

Skill      XL: |  1  2  3  4  5 |
---------------+----------------+-----
Axes           | 4 5 6 7 |  7.8
Fighting       | |  3.6
Armour         | |  2.4
Dodging        | |  2.1

Action                   |  1- 3 |  4- 6 || total
-------------------------+-------+-------++-------
Melee: Hand axe          |    55 |    94 ||   149
       Headbutt          |     7 |    16 ||    23
Invok: Burn Spellbooks   |       |     1 ||     1
       Berserk           |       |     1 ||     1
  Use: Potion            |       |     2 ||     2
 Stab: Sleeping          |     3 |       ||     3
  Eat: Chunk             |       |     1 ||     1
       Bread ration      |       |     1 ||     1
Armor: Animal skin       |     9 |       ||     9
       Plate armour      |    11 |    94 ||   105
Dodge: Dodged            |    34 |    39 ||    73
